 Dungeon Crawl Stone Soup version 0.26-a0-639-g72c4674329 (webtiles) character file.

Game seed: 8121925122844295823

1703 Borgoz the Cudgeler (level 9, -2/55 HPs)
             Began as a Gargoyle Berserker on Sept 18, 2020.
             Was an Elder of Trog.
             Slain by an orc knight
             ... wielding a +0 broad axe
              (20 damage)
             ... in a bailey.
             The game lasted 00:08:03 (6808 turns).

Borgoz the Cudgeler (Gargoyle Berserker)            Turns: 6808, Time: 00:08:04

Health: -2/55      AC: 17    Str: 22    XL:     9   Next: 3%
Magic:  9/9        EV: 12    Int:  7    God:    Trog [****..]
Gold:   326        SH:  0    Dex: 12    Spells: 8/8 levels left

rFire    . . .     SeeInvis .   n - +1 flail (vorpal)
rCold    . . .     Faith    .   (no shield)
rNeg     + . .     Spirit   .   r - +0 scale mail
rPois    ∞         Reflect  .   (no helmet)
rElec    +         Harm     .   (no cloak)
rCorr    .         Rampage  .   (no gloves)
MR       .....                  w - +2 pair of boots
Stlth    ..........             (no amulet)
HPRegen  0.18/turn              (no ring)
MPRegen  0.11/turn              (no ring)

@: hasted, very quick
A: negative energy resistance 1, electricity resistance, unbreathing,
petrification resistance, rot immunity, AC +6
a: Berserk, Trog's Hand, Brothers in Arms, Renounce Religion


You were in a bailey.
You worshipped Trog.
Trog was greatly pleased with you.
You visited 2 branches of the dungeon, and saw 8 of its levels.
You also visited: Bailey.

You collected 326 gold pieces.

Inventory:

Hand Weapons
 n - a +1 vorpal flail (weapon)
Armour
 r - a +0 scale mail (worn)
 w - a +2 pair of boots (worn)
Wands
 h - a wand of digging (4)
 x - a wand of flame (24)
Scrolls
 a - a scroll of blinking {unknown}
 b - 2 scrolls of teleportation
 d - 2 scrolls of noise {unknown}
 e - 2 scrolls of magic mapping
 g - 4 scrolls of remove curse
 i - 2 scrolls of enchant weapon {unknown}
 p - a scroll of fear {unknown}
 s - a scroll of fog {unknown}
Potions
 f - 2 potions of haste
 j - 2 potions of brilliance
 k - 3 potions of magic {unknown}
 l - 3 potions of mutation
 m - a potion of degeneration
 q - 2 potions of curing
 u - 2 potions of lignification {unknown}
 v - a potion of berserk rage


   Skills:
 + Level 5.9 Fighting
 * Level 7.2 Maces & Flails
 + Level 5.4 Armour
 * Level 5.5 Dodging


You had 8 spell levels left.
You didn't know any spells.
Your spell library was empty.

Dungeon Overview and Level Annotations

Branches:
Dungeon (7/15)             Temple (1/1) D:5          Bailey (1/1)

Altars:
Ashenzari
Cheibriados
Dithmenos
Elyvilon
Fedhas
Gozag
Kikubaaqudgha
Makhleb
Nemelex Xobeh
Okawaru
Qazlal
Ru
Sif Muna
Uskayaw
Vehumet
Xom
Zin
The Shining One
Lugonu


Innate Abilities, Weirdness & Mutations

You are resistant to torment.
Your stone body is resilient. (AC +6)
You are immune to poison.
You resist negative energy. (rN+)
You are resistant to electric shocks. (rElec)
You can survive without breathing.
You are immune to petrification.
You are immune to rotting.


Message History

You completely miss the gnoll. The gnoll completely misses you.
The gnoll hits you with a +0 hand axe.
The orc warrior hits you with a +0 hand axe!
* * * LOW HITPOINT WARNING * * *
You sock the gnoll!
You kill the gnoll!
Trog accepts your kill. The orc hits you but does no damage.
The orc knight hits you with a +0 broad axe.
* * * LOW HITPOINT WARNING * * *
You sock the gnoll!
The gnoll is almost dead.
The gnoll hits you but does no damage.
You hit the orc knight.
The orc knight is severely wounded.
You feel less invigorated.
You feel less confused. The gnoll barely misses you.
The orc knight hits you with a +0 broad axe!!
You die...

#.......#
##.......##
#.........#
##.........##
#######.....⌠.....#
#.....##...)))...#
.......#...).)...#
......g##..))...##
...o.go@g.......#
.....ooo##.....##
...⌠...g.#######
........##
........# .......##
....... #.....#
♣♣##+++##♣♣


You could see an orc knight, 3 orc warriors, 2 gnolls, an orc (strong), a
hobgoblin and a goblin.

Vanquished Creatures
  A hippogriff (D:7)
  3 orc warriors
  2 sky beasts
  A centaur (D:7)
  A scorpion (D:4)
  A bullfrog zombie (D:6)
  4 jellies
  A quasit (D:5)
  2 hounds
  An orc priest (D:3)
  4 orc wizards
  A centaur skeleton (D:4)
  2 iguanas
  5 worker ants
  2 hound zombies
  6 adders
  4 gnolls (Bailey)
  2 shadow imps (D:5)
  A white imp (D:5)
  2 ufetubi
  3 oozes
  5 worms
  2 dart slugs
  8 leopard geckos
  24 orcs
  4 ball pythons
  6 giant cockroaches
  16 goblins
  12 hobgoblins
  12 jackals
  7 kobolds
  A quokka (D:6)
  11 bats
  4 frilled lizards
  A quokka skeleton (D:6)
  8 rats
170 creatures vanquished.

Vanquished Creatures (others)
  An orc warrior (D:7)
  A bullfrog (D:7)
  A scorpion (D:7)
  A shadow imp (D:7)
  A leopard gecko (D:7)
5 creatures vanquished.

Grand Total: 175 creatures vanquished

Notes
Turn   | Place    | Note
-------+----------+-------------------------------------------
     0 | D:1      | Borgoz the Gargoyle Berserker began the quest for the Orb.
     0 | D:1      | Reached XP level 1. HP: 14/14 MP: 1/1
   191 | D:1      | Reached XP level 2. HP: 16/19 MP: 2/2
   408 | D:1      | Reached XP level 3. HP: 18/23 MP: 3/3
   727 | D:1      | Reached ** piety under Trog
   986 | D:2      | Found a hide-covered altar of Uskayaw.
   986 | D:2      | Noticed a +0 dagger
   987 | D:2      | Noticed a +0 dagger
  1082 | D:2      | Reached XP level 4. HP: 21/29 MP: 4/4
  1311 | D:2      | Found a sacrificial altar of Ru.
  1422 | D:2      | Found an ancient bone altar of Kikubaaqudgha.
  1638 | D:2      | Found a faded altar of an unknown god.
  2233 | D:3      | Found a blossoming altar of Fedhas.
  2249 | D:3      | Reached *** piety under Trog
  2310 | D:3      | Reached skill level 4 in Maces & Flails
  2317 | D:3      | Reached XP level 5. HP: 31/33 MP: 5/5
  2778 | D:3      | Reached XP level 6. HP: 22/38 MP: 6/6
  3485 | D:4      | Reached **** piety under Trog
  3485 | D:4      | Reached skill level 5 in Maces & Flails
  3824 | D:4      | Found a radiant altar of Vehumet.
  3991 | D:4      | Reached XP level 7. HP: 41/44 MP: 7/7
  4425 | D:5      | Entered Level 5 of the Dungeon
  4427 | D:5      | Found an opulent altar of Gozag.
  4946 | D:5      | Found a staircase to the Ecumenical Temple.
  4958 | Temple   | Entered the Ecumenical Temple
  5193 | D:5      | Found a sparkling altar of Nemelex Xobeh.
  5344 | D:6      | Found a burning altar of Makhleb.
  5365 | D:6      | Reached skill level 5 in Fighting
  5372 | D:6      | Reached XP level 8. HP: 21/49 MP: 8/8
  5383 | D:6      | Reached skill level 6 in Maces & Flails
  6030 | D:6      | Found a snail-covered altar of Cheibriados.
  6461 | D:7      | Reached skill level 5 in Dodging
  6603 | D:7      | Noticed a hippogriff
  6618 | D:7      | Killed a hippogriff
  6618 | D:7      | Reached skill level 5 in Armour
  6622 | D:7      | Found a shimmering altar of Xom.
  6642 | D:7      | Found a flagged portal.
  6656 | Bailey   | Entered a bailey
  6667 | Bailey   | Reached skill level 7 in Maces & Flails
  6681 | Bailey   | HP: 2/51 [orc warrior/+0 hand axe (11)]
  6689 | Bailey   | Reached XP level 9. HP: 38/55 MP: 9/9
  6788 | Bailey   | Noticed an orc knight
  6808 | Bailey   | Slain by an orc knight

Illustrated notes

Levels and vault maps discovered:
D:1:      wander_arrival_fairy_ring, layout_basic, minmay_ruptured
D:2:      layout_loops_corners, dancing_weapons_uskayaw, old_standard_altar,
          nicolae_ru_sacrificial_ziggurat,
          chequers_ecumenical_altar_simple_redux, chequers_decorated_corner,
          minmay_tiny_reverse_x
D:3:      layout_rooms, lemuel_doored_altar
D:4:      layout_basic, nicolae_overflow_hidden_temple
D:5:      layout_basic, nicolae_gozag_seed_capital, kennysheep_mini,
          minmay_temple_entry_glassed_door
D:6:      layout_cave_pools, lemuel_round_altar, basic_altar,
          grunt_decor_fettered
D:7:      layout_layer_cave, xom_confusion_cloud, kennysheep_mini_moat,
          lemuel_round_altar, enter_bailey_2, grunt_livestock
Temple:   corrupted_temple
Bailey:   bailey_axe_minmay_hex_keep, bailey

Skill      XL: |  1  2  3  4  5  6  7  8 |
---------------+-------------------------+-----
Dodging        | 2 3 4 5 |  5.5
Armour         | 3 4 5 |  5.4
Maces & Flails | 4 5 7 |  7.2
Fighting       | 4 5 |  5.9

Action                   |  1- 3 |  4- 6 |  7- 9 || total
-------------------------+-------+-------+-------++-------
Melee: Mace              |   115 |    89 |       ||   204
       Flail             |       |   197 |   260 ||   457
Invok: Trog's Hand       |       |     1 |     1 ||     2
       Berserk           |       |       |     3 ||     3
  Use: Scroll            |       |       |    13 ||    13
       Potion            |       |       |     6 ||     6
 Stab: Sleeping          |     2 |       |       ||     2
Armor: Animal skin       |    43 |       |       ||    43
       Ring mail         |     2 |   199 |    36 ||   237
       Scale mail        |       |       |   214 ||   214
Dodge: Dodged            |    85 |   208 |   306 ||   599

Table legend: (Time is in decaauts)
 A = Elapsed time spent in this place.
 B = Non-inter-level travel time spent in this place.
 C = Inter-level travel time spent in this place.
 D = Time resting spent in this place.
 E = Time spent auto-exploring this place.
 F = Levels seen in this place.
 G = Mean time per level.
                   A        B        C        D        E       F      G
               +--------+--------+--------+--------+--------+-----+--------+
         Total |   6927 |   6688 |    239 |    848 |   4533 |   9 |  769.7 |
       Dungeon |   6723 |   6497 |    226 |    848 |   4450 |   7 |  960.4 |
        Temple |     45 |     32 |     13 |      0 |     32 |   1 |   45.0 |
        Bailey |    157 |    157 |      0 |      0 |     51 |   1 |  157.0 |
               +--------+--------+--------+--------+--------+-----+--------+

Top non-repeatable levels by time:
     D:4: 1360 daAuts
     D:3: 1109 daAuts
     D:2: 1059 daAuts
     D:6: 1055 daAuts
     D:1: 977 daAuts
     D:5: 865 daAuts
     D:7: 296 daAuts
  Bailey: 157 daAuts
  Temple: 45 daAuts
